 Dungeon Crawl Stone Soup version 0.29.1-2-gbd0b4ee654 (webtiles) character file.

Game seed: 16240962621574399873

2 leafyfresh the Stinger (level 1, -1/11 HPs)
             Began as an Octopode Venom Mage on Nov 6, 2022.
             Slain by a kobold
             ... wielding a +0 dagger
              (3 damage)
             ... on level 1 of the Dungeon.
             The game lasted 00:00:19 (60 turns).

leafyfresh the Stinger (Octopode Venom Mage)          Turns: 60, Time: 00:00:19

Health: -1/11      AC:  1    Str:  7    XL:     1   Next: 30%
Magic:  3/3        EV: 13    Int: 17    God:
Gold:   0          SH:  0    Dex: 12    Spells: 3/4 levels left

rFire   . . .      SeeInvis .   (no weapon)
rCold   . . .      Faith    .   (no shield)
rNeg    . . .      Spirit   .   (helmet restricted)
rPois   .          Reflect  .   (no amulet)
rElec   .          Harm     .   (no ring)
rCorr   .          Rampage  .   (no ring)
Will    .....                   (no ring)
Stlth   +++.......              (no ring)
HPRegen 0.03/turn               (no ring)
MPRegen 0.08/turn               (no ring)
                                (no ring)
                                (no ring)

@: no status effects
A: almost no armour, amphibious, 8 rings, camouflage 1, gelatinous body 1,
(nimble swimmer 1), tentacles
a: no special abilities


You were on level 1 of the Dungeon.
You visited 1 branch of the dungeon, and saw 1 of its levels.

Inventory:

Potions
 a - a potion of magic


   Skills:
 - Level 2.0 Dodging
 + Level 2.8 Stealth
 - Level 2.0 Spellcasting
 - Level 1.0 Transmutations
 + Level 3.7 Poison Magic


You had 3 spell levels left.
You knew the following spells:

 Your Spells              Type           Power      Damage    Failure   Level
a - Sting                 Tmut/Pois      36%        1d4       8%          1

Your spell library contained the following spells:

 Spells                   Type           Power      Damage    Failure   Level
 Poisonous Vapours        Pois/Air       16%        N/A       14%         2
 Mephitic Cloud           Conj/Pois/Air  5%         N/A       34%         3
 Olgreb's Toxic Radiance  Pois           14%        N/A       38%         4


Dungeon Overview and Level Annotations

Branches:
Dungeon (1/15)

Altars:


Innate Abilities, Weirdness & Mutations

You cannot wear most types of armour.
You are amphibious.
You can wear up to eight rings at the same time.
Your skin changes colour to match your surroundings (Stealth+).
Your rubbery body absorbs attacks. (AC +1, EV +1)
((You are camouflaged when in or above water. (Stealth+)))
You have tentacles for arms and can constrict up to eight enemies at once.


Message History

It is said that the Orb of Zot exists deep within this dungeon.
Press ? for a list of commands and other information.
Found a staircase leading out of the dungeon.
There is an empty arch of ancient stone here.
There is an empty arch of ancient stone here.
Found 6 stones.
A bat comes into view.
A bat is nearby!
A bat is nearby!
A bat is nearby!
The helpless bat fails to defend itself.
You tentacle-slap the bat. You grab the bat.
The bat is severely wounded.
You constrict the bat.
You kill the bat!
No target in view!
A goblin comes into view. It is wielding a +0 club.
A goblin is nearby!
A kobold comes into view. It is wielding a +0 whip.
The kobold shouts!
You hear a shout!
The goblin shouts!
A kobold comes into view. It is wielding a +0 dagger.
The kobold closely misses you. The goblin closely misses you.
The kobold throws a stone.
The stone completely misses you.
The kobold throws a stone.
The stone closely misses you.
The kobold throws a stone.
The stone misses you.
You tentacle-slap the goblin but do no damage.
You grab the goblin. You constrict the goblin.
The goblin hits you with a +0 club.
You tentacle-slap the goblin.
The goblin is heavily wounded.
You constrict the goblin. The goblin hits you with a +0 club.
You tentacle-slap the goblin.
You kill the goblin!
The kobold throws a stone.
The stone hits you.
* * * LOW HITPOINT WARNING * * *
You tentacle-slap the kobold. You grab the kobold.
The kobold is moderately wounded.
You constrict the kobold, but do no damage.
The kobold hits you with a +0 dagger.
You die...

.. §# .. § .. .♣ #. .. #.
###########♣♣ #.
#...........♣ ######.####
#.#..###.#.♣.
#.........######....# #...♣.
#.####...KK@.....##.###.#.§♣
####.##..##.##.....#○#○
#.#...#............§
.........##.###...#☼
####.###..##.###.#.#.
#.#....##.....###(
...........##.....
##.....####.##.#### ##
#....#


You could see 2 kobolds.

Vanquished Creatures
  A goblin (D:1)
  A bat (D:1)
2 creatures vanquished.

Notes
Turn   | Place    | Note
-------+----------+-------------------------------------------
     0 | D:1      | leafyfresh the Octopode Venom Mage began the quest for the
                  | Orb.
     0 | D:1      | Reached XP level 1. HP: 11/11 MP: 3/3
    60 | D:1      | Slain by a kobold

Illustrated notes

Levels and vault maps discovered:
D:1:      heliophobic_arrival_enchanted_forest, layout_basic,
          minmay_tetromino_s4

Action                   || total
-------------------------++-------
Melee: Unarmed           ||     5
       Constrict         ||     3
 Stab: Sleeping          ||     1
Dodge: Dodged            ||     5
